Workbook

Sheet Export Summary
B3: This document was exported from Numbers. Each table was converted to an Excel worksheet. All other objects on each Numbers sheet were placed on separate worksheets. Please be aware that formula calculations may differ in Excel.
B7: Numbers Sheet Name | C7: Numbers Table Name | D7: Excel Worksheet Name
B9: Method A -Single Productions
C10: Table 1 | D10: Method A -Single Productions
B11: Method B -Series
C12: Table 1 | D12: Method B -Series
B13: Dynamic Pricing
C14: Table 1 | D14: Dynamic Pricing
B15: Company Categories
C16: Table 1 | D16: Company Categories

Sheet Method A -Single Productions
A1: 15:02 A) Single Productions, Not Part of a Series Enter information in unshaded cells only. The calculation is automatic. | I1: INSTRUCTIONS / Clarifications
A2: Company: | F2: Date Submitted: | I2: This form will print on 8.5x11 in two pages
A3: Venue: | F3: dd/mm/yy
A4: Show Name: | F4: Venue Capacity:
A5: Performance Dates: | F5: Method A
B6: Description | C6: Full Non-Discounted Ticket Price | D6: # of Seats to which Ticket Price Applies per Performance | E6: # of Performances per Week to which Price/Seat Applies | F6: Total (per ticket category) | G6: Incl as part of max perf. Wk. (y/n) | H6: ← | I6: Description is your code or an identifier for each pricing category. E.g: Zone A weeknight; Tues Prev, etc.etc. Do not include % discounts (i.e. Sr. tickets are same as regular matinee price less 10%)
A8: List | B8: Main Floor | C8: 0 | D8: 0 | E8: 0 | F8: =C8*D8*E8 -> 0
A9: Each | C9: 0 | D9: 0 | E9: 0 | F9: =C9*D9*E9 -> 0 | I9: In Col G Answer Y only if these prices are included in the week (Mon to Sun) with the most performances (or in the case of multiple 8 performance weeks, enter Y to each price category that applies in any one given week) in the run. If the run is less than one week, answer Y for all prices listed
A10: undiscounted | C10: 0 | D10: 0 | E10: 0 | F10: =C10*D10*E10 -> 0 | H10: ←
A11: Price | C11: 0 | D11: 0 | E11: 0 | F11: =C11*D11*E11 -> 0
A12: (price to | C12: 0 | D12: 0 | E12: 0 | F12: =C12*D12*E12 -> 0
A13: purchaser | C13: 0 | D13: 0 | E13: 0 | F13: =C13*D13*E13 -> 0
A14: incl. | C14: 0 | D14: 0 | E14: 0 | F14: =C14*D14*E14 -> 0
A15: taxes | C15: 0 | D15: 0 | E15: 0 | F15: =C15*D15*E15 -> 0
A16: & fees) | C16: 0 | D16: 0 | E16: 0 | F16: =C16*D16*E16 -> 0
C17: 0 | D17: 0 | E17: 0 | F17: =C17*D17*E17 -> 0
C18: 0 | D18: 0 | E18: 0 | F18: =C18*D18*E18 -> 0
C19: 0 | D19: 0 | E19: 0 | F19: =C19*D19*E19 -> 0
C20: 0 | D20: 0 | E20: 0 | F20: =C20*D20*E20 -> 0
C21: 0 | D21: 0 | E21: 0 | F21: =C21*D21*E21 -> 0
C22: 0 | D22: 0 | E22: 0 | F22: =C22*D22*E22 -> 0
C23: 0 | D23: 0 | E23: 0 | F23: =C23*D23*E23 -> 0
A24: If more rows are required, contact PACT or Equity | C24: 0 | D24: 0 | E24: 0 | F24: =C24*D24*E24 -> 0
C25: 0 | D25: 0 | E25: 0 | F25: =C25*D25*E25 -> 0
C26: 0 | D26: 0 | E26: 0 | F26: =C26*D26*E26 -> 0
C27: 0 | D27: 0 | E27: 0 | F27: =C27*D27*E27 -> 0
C28: 0 | D28: 0 | E28: 0 | F28: =C28*D28*E28 -> 0
C29: 0 | D29: 0 | E29: 0 | F29: =C29*D29*E29 -> 0
C30: 0 | D30: 0 | E30: 0 | F30: =C30*D30*E30 -> 0
C31: 0 | D31: 0 | E31: 0 | F31: =C31*D31*E31 -> 0
C32: 0 | D32: 0 | E32: 0 | F32: =C32*D32*E32 -> 0
C33: 0 | D33: 0 | E33: 0 | F33: =C33*D33*E33 -> 0
C34: 0 | D34: 0 | E34: 0 | F34: =C34*D34*E34 -> 0
C35: 0 | D35: 0 | E35: 0 | F35: =C35*D35*E35 -> 0
C36: 0 | D36: 0 | E36: 0 | F36: =C36*D36*E36 -> 0
... C40: 0 | D40: 0 | E40: 0 | F40: =C40*D40*E40 -> 0
F41: Gross Weekly Potential
F42: =SUMIF(G8:G40,"y",F8:F40) -> 0
C44: Student/Senior Discount (enter Y/N): | F44: =IF(E44="y",F42*0.1,0) -> 0
E45: GROSS REVENUE | F45: =IF(F44>0,F42-F44,F42) -> 0
A48: =C2 | D48: Capital Improvement Fund (CIF) surcharges approved by Equity.
A49: =C4 | D49: Total Tickets (for each CIF charge category) | E49: CIF Surcharge | F49: Deduction 1
D50: 0 | E50: 0 | F50: =D50*E50 -> 0 | I50: If you have multiple CIF levels:
D51: 0 | E51: 0 | F51: =D51*E51 -> 0 | I51: For the week used in calculating category
D52: 0 | E52: 0 | F52: =D52*E52 -> 0 | H52: ← | I52: Enter each CIF charge in $0.00 and
D53: 0 | E53: 0 | F53: =D53*E53 -> 0 | I53: enter the total number of seats in that week
D54: 0 | E54: 0 | F54: =D54*E54 -> 0 | I54: to which each CIF level applies
D55: 0 | E55: 0 | F55: =D55*E55 -> 0
E56: TOTAL CIF | F56: =SUM(F50:F55) -> 0
D58: Entertainment Tax (if applicable) of | E58: 0 | F58: (enter percentage) | H58: ← | I58: Enter percentage as whole number: eg 5 not .05
D59: Wkly Gross Box Office Potential | F59: Entertainment Tax Deduction 2
D60: =F45 -> 0 | F60: =(D60*E58)/(1+E58) -> 0
D62: Applicable HST/GST/QST Tax of | E62: 0.05 | F62: (enter percentage) | H62: ← | I62: Enter percentage as whole number: eg 5 not .05
D63: Wkly Gross Box Office Potental | F63: Deduction 3
D64: =F45 -> 0 | F64: =(D64*E62)/(1+E62) -> 0
D66: Ticket Surcharges (imposed by third party provider)
D67: Total Tickets (for each surcharge) | E67: Surcharge | F67: Deduction 4
D68: 0 | E68: 0 | F68: =D68*E68 -> 0 | I68: If multiple surcharges are applied
D69: 0 | E69: 0 | F69: =D69*E69 -> 0 | I69: List each $0.00 surcharge amount
D70: 0 | E70: 0 | F70: =D70*E70 -> 0 | H70: ← | I70: that is applicable and the
D71: 0 | E71: 0 | F71: =D71*E71 -> 0 | I71: total number of tickets to which
D72: 0 | E72: 0 | F72: =D72*E72 -> 0 | I72: the charge applies for the
D73: 0 | E73: 0 | F73: =D73*E73 -> 0 | I73: week used to calculate category
E74: TOTAL CIF | F74: =SUM(F68:F73) -> 0
D76: Net Box Office Potential
D77: Deduction 1 (CIF) | E77: =F56 -> 0
D78: Deduction 2 (Ent.Tax) | E78: =F60 -> 0
D79: Deduction 3 (H/GST) | E79: =F64 -> 0
D80: Deduction 4 (surcharge) | E80: =F74 -> 0
D81: Net Max Box Office Wkly Potential | E81: =F45-(SUM(E77:E80)) -> 0 | F81: =IF(AND(E81>='Company Categories'!$B$9,E81<'Company Categories'!$B$8),'Company Categories'!$A$9,IF(AND(E81>='Company Categories'!$B$8,E81<'Company Categories'!$B$7),'Company Categories'!$A$8,IF(AND(E81>='Company Categories'!$B$7,E81<'Company Categories'!$B$6),'Company Categories'!$A$7,IF(AND(E81>='Company Categories'!$B$6,E81<'Company Categories'!$B$5),'Company Categories'!$A$6,IF(AND(E81>='Company Categories'!$B$5,E81<'Company Categories'!$B$4),'Company Categories'!$A$5,IF(AND(E81>='Company Categories'!$B$4,E81<'Company Categories'!$B$3),'Company Categories'!$A$4,"A")))))) -> G
A83: User Notes
A84: add any notes to explain any unusual entries or that you feel require further detail

Sheet Method B -Series
A1: 15:02 B) Series of Productions with Consistent Ticket Prices Enter information in unshaded cells only. The calculation is automatic. | I1: INSTRUCTIONS / Clarifications
A2: Company: | G2: Date Submitted: | I2: This form will print on 8.5x11 in two pages
C3: Season Start Date: | G3: dd/mm/yyyy
A4: Venue Capacity: | C4: Season End Date: | G4: Method B
B5: Venue | C5: Description | D5: Full Non-Discounted Ticket Price | E5: # of Seats to which Ticket Price Applies per Performance | F5: # Performances in Series to which Price/Seat Applies | G5: Total (per ticket category) | H5: ← | I5: Description is your code or an identifier for each pricing category. E.g: Zone A weeknight; Tues Prev, etc.etc.
A6: List | D6: 0 | E6: 0 | F6: 0 | G6: =D6*E6*F6 -> 0
A7: Each | D7: 0 | E7: 0 | F7: 0 | G7: =D7*E7*F7 -> 0
A8: undiscounted | D8: 0 | E8: 0 | F8: 0 | G8: =D8*E8*F8 -> 0
A9: Price | D9: 0 | E9: 0 | F9: 0 | G9: =D9*E9*F9 -> 0
A10: for each | D10: 0 | E10: 0 | F10: 0 | G10: =D10*E10*F10 -> 0
A11: performance | D11: 0 | E11: 0 | F11: 0 | G11: =D11*E11*F11 -> 0
A12: in the series | D12: 0 | E12: 0 | F12: 0 | G12: =D12*E12*F12 -> 0
A13: (price to | D13: 0 | E13: 0 | F13: 0 | G13: =D13*E13*F13 -> 0
A14: purchaser | D14: 0 | E14: 0 | F14: 0 | G14: =D14*E14*F14 -> 0
A15: incl. | D15: 0 | E15: 0 | F15: 0 | G15: =D15*E15*F15 -> 0
A16: taxes | D16: 0 | E16: 0 | F16: 0 | G16: =D16*E16*F16 -> 0
A17: & fees) | D17: 0 | E17: 0 | F17: 0 | G17: =D17*E17*F17 -> 0
D18: 0 | E18: 0 | F18: 0 | G18: =D18*E18*F18 -> 0
D19: 0 | E19: 0 | F19: 0 | G19: =D19*E19*F19 -> 0
D20: 0 | E20: 0 | F20: 0 | G20: =D20*E20*F20 -> 0
D21: 0 | E21: 0 | F21: 0 | G21: =D21*E21*F21 -> 0
D22: 0 | E22: 0 | F22: 0 | G22: =D22*E22*F22 -> 0
D23: 0 | E23: 0 | F23: 0 | G23: =D23*E23*F23 -> 0
D24: 0 | E24: 0 | F24: 0 | G24: =D24*E24*F24 -> 0
D25: 0 | E25: 0 | F25: 0 | G25: =D25*E25*F25 -> 0
D26: 0 | E26: 0 | F26: 0 | G26: =D26*E26*F26 -> 0
D27: 0 | E27: 0 | F27: 0 | G27: =D27*E27*F27 -> 0
D28: 0 | E28: 0 | F28: 0 | G28: =D28*E28*F28 -> 0
D29: 0 | E29: 0 | F29: 0 | G29: =D29*E29*F29 -> 0
A30: If more rows are required, contact PACT or Equity | D30: 0 | E30: 0 | F30: 0 | G30: =D30*E30*F30 -> 0
D31: 0 | E31: 0 | F31: 0 | G31: =D31*E31*F31 -> 0
D32: 0 | E32: 0 | F32: 0 | G32: =D32*E32*F32 -> 0
D33: 0 | E33: 0 | F33: 0 | G33: =D33*E33*F33 -> 0
D34: 0 | E34: 0 | F34: 0 | G34: =D34*E34*F34 -> 0
D35: 0 | E35: 0 | F35: 0 | G35: =D35*E35*F35 -> 0
D36: 0 | E36: 0 | F36: 0 | G36: =D36*E36*F36 -> 0
D37: 0 | E37: 0 | F37: 0 | G37: =D37*E37*F37 -> 0
D38: 0 | E38: 0 | F38: 0 | G38: =D38*E38*F38 -> 0
D39: 0 | E39: 0 | F39: 0 | G39: =D39*E39*F39 -> 0
D40: 0 | E40: 0 | F40: 0 | G40: =D40*E40*F40 -> 0
D41: 0 | E41: 0 | F41: 0 | G41: =D41*E41*F41 -> 0
D42: 0 | E42: 0 | F42: 0 | G42: =D42*E42*F42 -> 0
... D59: 0 | E59: 0 | F59: 0 | G59: =D59*E59*F59 -> 0
G60: =SUM(G6:G59) -> 0
E62: Capital Improvement Fund (CIF) surcharges approved by Equity.
A63: =D2 | E63: Total Tickets (for each CIF charge category) | F63: CIF Surcharge | G63: Deduction 1 | I63: CIF deduction: Use of this deduction is subject to application to PACT & Equity as per 15:02 B
D64: If you have multiple CIF levels | E64: 0 | F64: 0 | G64: =E64*F64 -> 0 | H64: ←
D65: Enter the CIF $0.00 amount for each level | E65: 0 | F65: 0 | G65: =E65*F65 -> 0
D66: that is applicable and the | E66: 0 | F66: 0 | G66: =E66*F66 -> 0
D67: total number of Performances | E67: 0 | F67: 0 | G67: =E67*F67 -> 0
D68: for the week used in | E68: 0 | F68: 0 | G68: =E68*F68 -> 0
D69: calculating category | E69: 0 | F69: 0 | G69: =E69*F69 -> 0
F70: TOTAL CIF | G70: =SUM(G64:G69) -> 0
E72: Entertainment Tax (if applicable) of | F72: 0 | G72: (enter percentage) | H72: ← | I72: Enter percentage as whole number: eg 3 not .03
E73: Gross Box Office Potential | G73: Entertainment Tax Deduction 2
E74: =G60 -> 0 | G74: =(E74*F72)/(1+F72) -> 0
E76: Applicable HST/GST/QST Tax of | F76: 0 | G76: (enter percentage) | H76: ← | I76: Enter percentage as whole number: eg 12 not 0 .12
E77: Gross Box Office Potental | G77: Deduction 3
E78: =G60 -> 0 | G78: =E78*F76/(1+F76) -> 0
F80: Ticket Surcharges
E81: Total Tickets (for each surcharge) | F81: Surcharge | G81: Deduction 4 | H81: ← | I81: Ticket surcharges: Use of this deduction is subject to application to PACT & Equity as per 15:02 B
D82: If multiple surcharges are applied | E82: 0 | F82: 0 | G82: =E82*F82 -> 0
D83: List each $0.00 surcharge amount | E83: 0 | F83: 0 | G83: =E83*F83 -> 0
D84: that is applicable and the | E84: 0 | F84: 0 | G84: =E84*F84 -> 0
D85: total number of tickets to which | E85: 0 | F85: 0 | G85: =E85*F85 -> 0
D86: the charge applies for the | E86: 0 | F86: 0 | G86: =E86*F86 -> 0
D87: week used to calculate category | E87: 0 | F87: 0 | G87: =E87*F87 -> 0
F88: TOTAL Surcharges | G88: =SUM(G82:G87) -> 0
C90: Previous season subscription revenue is net of tax. | D90: Subscription Adjustment | E90: Previous Season Subscription Revenue | F90: Number of Productions Last Season | G90: Number of Productions this season
E91: 0 | F91: 0 | G91: 0 | H91: ← | I91: Comparable Subscription value is different than previous subscription value only if the number of productions on subscription this season is different than the previous season's productions.
D92: Comparable Subscription $$ | E92: =IF(E91>0,E91*(G91/F91),0) -> 0 | F92: Discount 30% for Net | G92: =E92*0.3 -> 0
D94: Net Box Office Potential
D95: Gross BO Potential for Series | F95: =G60 -> 0
D96: Deduction 1 (CIF) | F96: =G70 -> 0
D97: Deduction 2 (Ent.Tax) | F97: =G74 -> 0
D98: Deduction 3 (H/GST) | F98: =G78 -> 0
D99: Deduction 4 (surcharge) | F99: =G88 -> 0
D100: Subscripton Discount | F100: =G92 -> 0
D101: Net Box Office Potential | F101: =F95-SUM(F96:F100) -> 0
A103: Enter Number of weeks in series with 5 or more performances/wk | E103: 0
A104: Enter number of performances in weeks with 4 or fewer per week | E104: 0
A105: Total Performance Weeks in the Series | E105: =E103+(E104*1/8) -> 0 | F105: CATEGORY | G105: =IF(AND(E106>='Company Categories'!$B$9,E106<'Company Categories'!$B$8),"G",IF(AND(E106>='Company Categories'!$B$8,E106<'Company Categories'!$B$7),"F",IF(AND(E106>='Company Categories'!$B$7,E106<'Company Categories'!$B$6),"E",IF(AND(E106>='Company Categories'!$B$6,E106<'Company Categories'!$B$5),"D",IF(AND(E106>='Company Categories'!$B$5,E106<'Company Categories'!$B$4),"C",IF(AND(E106>='Company Categories'!$B$4,E106<'Company Categories'!$B$3),"B","A")))))) -> #DIV/0!
A106: Net Wkly Box Office Potential | E106: =F101/E105 -> #DIV/0!
A108: User Notes
A109: add any notes to explain any unusual entries or that you feel require further detail (attach separate if more space is needed)

Sheet Dynamic Pricing
A1: Appendix VI - Dynamic Pricing Pilot Project Enter information in unshaded cells only. The calculation is automatic. | I1: Notes & Instructions
A2: Company: | C2: ='Method B -Series'!D2 | E2: Date Submitted: | F2: dd/mm/yy | I2: Use the workbook you originally submitted for your co. category calculation. This sheet pulls information from your original Method B calculation.
A3: Venue Capacity: | B3: Enter Show Name | F3: Method B
B4: Description | C4: Full Non-Discounted Ticket Price | D4: # of Seats to which Ticket Price Applies per Performance | E4: # Performances in Series to which Price/Seat Applies | F4: Total (per ticket category) | G4: Adjusted start date
A5: List | C5: 0 | D5: 0 | E5: 0 | F5: =C5*D5*E5 -> 0 | H5: ← | I5: Tip: rather than re-enter original submitted prices in c5 copy and p[aste values from Full series calculation or enter: ='Full Series'!D6 and then copy down.
A6: Each | C6: 0 | D6: 0 | E6: 0 | F6: =C6*D6*E6 -> 0
A7: undiscounted | C7: 0 | D7: 0 | E7: 0 | F7: =C7*D7*E7 -> 0
A8: Price | C8: 0 | D8: 0 | E8: 0 | F8: =C8*D8*E8 -> 0
A9: for each | C9: 0 | D9: 0 | E9: 0 | F9: =C9*D9*E9 -> 0 | H9: ← | I9: Enter all prices beginning with initially submitted pricing and then adjusted prices. Remember to adjust seating count with remaining inventory only from the date this form is completed.
A10: performance | C10: 0 | D10: 0 | E10: 0 | F10: =C10*D10*E10 -> 0
A11: in the series | C11: 0 | D11: 0 | E11: 0 | F11: =C11*D11*E11 -> 0
A12: (price to | C12: 0 | D12: 0 | E12: 0 | F12: =C12*D12*E12 -> 0
A13: purchaser | C13: 0 | D13: 0 | E13: 0 | F13: =C13*D13*E13 -> 0
A14: incl. | C14: 0 | D14: 0 | E14: 0 | F14: =C14*D14*E14 -> 0
A15: taxes | C15: 0 | D15: 0 | E15: 0 | F15: =C15*D15*E15 -> 0
A16: & fees) | C16: 0 | D16: 0 | E16: 0 | F16: =C16*D16*E16 -> 0
C17: 0 | D17: 0 | E17: 0 | F17: =C17*D17*E17 -> 0 | H17: ← | I17: In col G at appropriate row location enter the effective date for pricing change DD/MM/YY
C18: 0 | D18: 0 | E18: 0 | F18: =C18*D18*E18 -> 0
A19: If more rows are required, contact PACT or Equity | C19: 0 | D19: 0 | E19: 0 | F19: =C19*D19*E19 -> 0
C20: 0 | D20: 0 | E20: 0 | F20: =C20*D20*E20 -> 0
C21: 0 | D21: 0 | E21: 0 | F21: =C21*D21*E21 -> 0
C22: 0 | D22: 0 | E22: 0 | F22: =C22*D22*E22 -> 0
C23: 0 | D23: 0 | E23: 0 | F23: =C23*D23*E23 -> 0
C24: 0 | D24: 0 | E24: 0 | F24: =C24*D24*E24 -> 0
C25: 0 | D25: 0 | E25: 0 | F25: =C25*D25*E25 -> 0
C26: 0 | D26: 0 | E26: 0 | F26: =C26*D26*E26 -> 0
C27: 0 | D27: 0 | E27: 0 | F27: =C27*D27*E27 -> 0
C28: 0 | D28: 0 | E28: 0 | F28: =C28*D28*E28 -> 0
C29: 0 | D29: 0 | E29: 0 | F29: =C29*D29*E29 -> 0
C30: 0 | D30: 0 | E30: 0 | F30: =C30*D30*E30 -> 0
C31: 0 | D31: 0 | E31: 0 | F31: =C31*D31*E31 -> 0
... C44: 0 | D44: 0 | E44: 0 | F44: =C44*D44*E44 -> 0
F45: =SUM(F5:F44) -> 0
D47: Capital Improvement Fund (CIF) surcharges approved by Equity.
D48: Total Tickets (for each CIF charge category) | E48: CIF Surcharge | F48: Deduction 1
C49: If you have multiple CIF levels | E49: 0 | F49: =D49*E49 -> 0 | H49: ← | I49: If Approved CIF adjusts with pricing adjustment reflect that here, otherwise copy from original calculation sheet.
C50: List the CIF $0.00 amount for each level | E50: 0 | F50: =D50*E50 -> 0
C51: that is applicable and the | E51: 0 | F51: =D51*E51 -> 0
C52: total number of Performances | E52: 0 | F52: =D52*E52 -> 0
C53: for the week used in | E53: 0 | F53: =D53*E53 -> 0
C54: calculating category | E54: 0 | F54: =D54*E54 -> 0
E55: TOTAL CIF | F55: =SUM(F49:F54) -> 0
D57: Entertainment Tax (if applicable) of | E57: 0 | F57: (enter percentage)
D58: Gross Box Office Potential | F58: Entertainment Tax Deduction 2
D59: =F45 -> 0 | F59: =(D59*E57)/(1+E57) -> 0
D61: Applicable HST/GST/QST Tax of | E61: 0 | F61: (enter percentage)
D62: Gross Box Office Potental | F62: Deduction 3
D63: =F45 -> 0 | F63: =D63*E61/(1+E61) -> 0
E65: Ticket Surcharges (imposed by third party provider)
D66: Total Tickets (for each surcharge) | E66: Surcharge | F66: Deduction 4
C67: If multiple surcharges are applied | E67: 0 | F67: =D67*E67 -> 0 | H67: ← | I67: If surcharges adjust with pricing adjustment reflect that here, otherwise copy from original calculation sheet.
C68: List each $0.00 surcharge amount | E68: 0 | F68: =D68*E68 -> 0
C69: that is applicable and the | E69: 0 | F69: =D69*E69 -> 0
C70: total number of tickets to which | E70: 0 | F70: =D70*E70 -> 0
C71: the charge applies for the | E71: 0 | F71: =D71*E71 -> 0
C72: week used to calculate category | E72: 0 | F72: =D72*E72 -> 0
E73: TOTAL Surcharges | F73: =SUM(F67:F72) -> 0
C76: Net Box Office Potential
C77: Gross BO Potential for Series | E77: =F45 -> 0
C78: Deduction 1 (CIF) | E78: =F55 -> 0
C79: Deduction 2 (Ent.Tax) | E79: =F59 -> 0
C80: Deduction 3 (H/GST) | E80: =F63 -> 0
C81: Deduction 4 (surcharge) | E81: =F73 -> 0
C82: Net Max Box Office Potential | E82: =E77-SUM(E78:E81) -> 0
C83: Weekly Max Box Office Potential | E83: =E82/E84 -> #DIV/0!
A84: Total performance weeks per series | E84: ='Method B -Series'!E105 -> 0
A85: Enter Number of weeks for dynamic priced production with 5 or more performances/wk
A86: Enter number of performances in weeks with 4 or fewer per week for dynamic priced production | E86: 0
B87: Subscription Discount: Prorated % for dynamic priced production | E87: =(E85+(E86*1/8))/E84 -> #DIV/0!
C90: Previous Season Subscription Revenue | E90: ='Method B -Series'!E92 -> 0 | F90: =(E90*0.3) -> 0
D91: Prorata for single production on series | F91: =F90*E87 -> #DIV/0!
D92: Wkly Pro-Rata Subscription Discount | F92: =(F90*E87)/E85 -> #DIV/0!
C93: Adjusted Weekly Box Office Potential | F93: =E83-F92 -> #DIV/0!
E95: CATEGORY | F95: =IF(AND(D96>='Company Categories'!$B$9,D96<'Company Categories'!$B$8),'Company Categories'!$A$9,IF(AND(D96>='Company Categories'!$B$8,D96<'Company Categories'!$B$7),'Company Categories'!$A$8,IF(AND(D96>='Company Categories'!$B$7,D96<'Company Categories'!$B$6),'Company Categories'!$A$7,IF(AND(D96>='Company Categories'!$B$6,D96<'Company Categories'!$B$5),'Company Categories'!$A$6,IF(AND(D96>='Company Categories'!$B$5,D96<'Company Categories'!$B$4),'Company Categories'!$A$5,IF(AND(D96>='Company Categories'!$B$4,D96<'Company Categories'!$B$3),'Company Categories'!$A$4,"A")))))) -> #DIV/0!
A96: Net Wkly Box Office Potential | D96: =E83-F92 -> #DIV/0!

Sheet Company Categories
A1: Company Categories
A2: 2026-2027
A3: A | B3: 180519.26
A4: B | B4: 136194.01 | C4: 180519.25
A5: C | B5: 106363.26 | C5: 136194
A6: D | B6: 76399.26 | C6: 106363.25
A7: E | B7: 45925.26 | C7: 76399.25
A8: F | B8: 23179.51 | C8: 45925.25
A9: G | B9: 0 | C9: 23179.5
